cohdb
Replays
Latest Replays
All Replays
Popular Replays
Top Player Replays
Match Explorer
How It Works
Community
CoH3 Stats
Reddit
Sign in to upload your games and track your stats! →
Sign in with Steam
Match 47226100
Unlisted
Match 47226100
Overview
Messages
Build Orders
End
Selects Italian Combined Arms Battlegroup
Selects Bersaglieri Squad
Bersaglieri Squad
250 Light Carrier
Bersaglieri Squad
Construct Light Support Kompanie
Combat Half-tracks
Fire Support Elements
Vehicle Survival Package
Flakvierling Half-track
2.5-tonne Medical Truck
Pak 38 Mechanized Group
Construct Panzerarmee Kommand
Selects Semovente da 75/18 Assault Gun
Selects Bersaglieri Bolster
Selects Breda Model 30 Light Machine Guns
Walking Stuka Rocket Launcher
Emergency Repair Kits
Selects Semovente da 75/18 Assault Gun
Panzer III L Medium Tank
Panzer III L Medium Tank
Rapid Advance
Selects Strafing Run
Selects Artillery Cover
Strafing Run
Panzer III L Medium Tank
BamboneWertherone ITA
Capibimbambombolilalone ITA
Konrad Curze
FLOKL
spinn72
Orange
Alpha_Roger
Knightz
0
0
Comments
sign in to comment!
No comments posted yet!